 Dungeon Crawl Stone Soup version 0.30-a0-779-g7971cf19c3 (webtiles) character file.

Game seed: 13454284564903124754

8394 Dittersdorf the Blocker (level 11, -3/72 HPs)
             Began as a Gargoyle Fighter on Feb 17, 2023.
             Was a Priest of Okawaru.
             Slain by an entropy weaver (shapeshifter) (11 damage)
             ... on level 9 of the Dungeon.
             The game lasted 00:15:04 (8471 turns).

Dittersdorf the Blocker (Gargoyle Fighter)          Turns: 8471, Time: 00:15:04

Health: -3/72      AC: 25    Str: 21    XL:     11   Next: 30%
Magic:  0/11       EV:  5    Int:  9    God:    Okawaru [***...]
Gold:   493        SH: 17    Dex: 17    Spells: 10/10 levels left

rFire   + . .      SeeInvis .    k - +2 morningstar (heavy)
rCold   . . .      Faith    .    z - +0 tower shield
rNeg    + . .      Spirit   +    n - +0 chain mail
rPois   ∞          Reflect  .    a - +0 helmet
rElec   +          Harm     .    (no cloak)
rCorr   .          Rampage  .    A - +3 pair of gloves of the Farrier {rElec Regen+ Str-3 Dex+8}
Will    .....                    (no boots) Stlth
                                 h - amulet of guardian spirit
HPRegen 1.12/turn                i - +4 ring of slaying
MPRegen 0.12/turn                t - ring of protection from fire

@: no status effects
A: sickness immunity, AC +8, negative energy resistance 1, electricity
resistance, torment resistance 1, petrification resistance
a: Renounce Religion, Heroism


You were on level 9 of the Dungeon.
You worshipped Okawaru.
Okawaru was most pleased with you.
You visited 2 branches of the dungeon, and saw 10 of its levels.
You also visited: Bailey.

You collected 560 gold pieces.
You spent 67 gold pieces at shops.

Inventory:

Hand Weapons
 k - a +2 heavy morningstar (weapon)
Missiles
 y - a curare-tipped dart (quivered)
Armour
 a - a +0 helmet (worn)
 n - a +0 chain mail (worn)
 z - a +0 tower shield (worn)
 A - the +3 pair of gloves of the Farrier (worn) {rElec Regen+ Str-3 Dex+8}
   (You acquired it in a bailey)

   Str:       It affects your strength (-3).
   Dex:       It affects your dexterity (+8).
   rElec:     It insulates you from electricity.
   Regen:     It increases your rate of health regeneration.
Jewellery
 b - a ring of positive energy
 h - an amulet of guardian spirit (around neck)
 i - a +4 ring of slaying (left hand)
 t - a ring of protection from fire (right hand)
Wands
 e - a wand of quicksilver (6)
 s - a wand of paralysis (1)
 v - a wand of roots (15)
Scrolls
 g - 3 scrolls of teleportation
 r - a scroll of blinking
 w - 4 scrolls of poison
 x - 2 scrolls of fog
 B - 3 scrolls of enchant weapon
 C - a scroll of enchant armour
Potions
 d - a potion of might
 f - 3 potions of brilliance
 j - 3 potions of heal wounds
 l - 2 potions of flight
 m - 3 potions of mutation
 o - 2 potions of curing
 p - 2 potions of magic
 q - a potion of resistance
 u - a potion of haste


   Skills:
 + Level 10.1 Fighting
 + Level 8.9 Maces & Flails
 + Level 10.1 Armour
 + Level 10.1 Shields


You had 10 spell levels left.
You didn't know any spells.
Your spell library contained the following spells:

 Spells                   Type           Power      Damage    Failure   Level
 Magic Dart               Conj           0%         1d3       100%        1
 Searing Ray              Conj           0%         2d4       100%        2
 Fulminant Prism          Conj/Hex       0%         3d5       100%        4


Dungeon Overview and Level Annotations

Branches:
Dungeon (9/15)             Temple (1/1) D:7            Lair (0/5) D:9
 Bailey (visited)
    Orc: D:9-12

Altars:
Ashenzari
Cheibriados
Dithmenos
Elyvilon
Fedhas
Gozag
Hepliaklqana
Kikubaaqudgha
Makhleb
Nemelex Xobeh
Okawaru
Qazlal
Ru
Sif Muna
Trog
Uskayaw
Vehumet
Wu Jian
Xom
Yredelemnul
Zin
The Shining One

Shops:
D:8 ?   D:9 *[


Innate Abilities, Weirdness & Mutations

You are immune to sickness and miasma.
Your stone body is resilient. (AC +8)
You are immune to poison.
You resist negative energy. (rN+)
You are resistant to electric shocks. (rElec)
You are resistant to unholy torment.
You are immune to petrification.


Message History

You block the troll's attack. x3
Your Fighting skill increases to level 10!
Your Armour skill increases to level 10!
Your Shields skill increases to level 10!
You bludgeon the troll!!
The troll is severely wounded.
You block the troll's attack. The troll claws you.
The troll claws you but does no damage. You block the troll's attack.
The troll claws you but does no damage. x2
You impale the troll!!
You kill the troll!
Okawaru accepts your kill. You block the entropy weaver's attack.
The entropy weaver hits you but does no damage. x2
The entropy weaver completely misses you.
You closely miss the entropy weaver. You block the entropy weaver's attack.
The entropy weaver hits you!
The entropy weaver hits you but does no damage.
You block the entropy weaver's attack. The entropy weaver barely misses you.
You block the entropy weaver's attack.
The entropy weaver hits you but does no damage. x2
The entropy weaver hits you!
* * * LOW HITPOINT WARNING * * *
The entropy weaver hits you but does no damage. x2
The entropy weaver hits you!
* * * LOW HITPOINT WARNING * * *
You thump the entropy weaver!
The entropy weaver is lightly wounded.
The entropy weaver hits you but does no damage.
You block the entropy weaver's attack. The entropy weaver hits you!
* * * LOW HITPOINT WARNING * * *
You block the entropy weaver's attack.
The entropy weaver hits you but does no damage. x3
You block the entropy weaver's attack.
You sock the entropy weaver!
The entropy weaver is moderately wounded.
The entropy weaver barely misses you.
The entropy weaver hits you but does no damage. x2
You block the entropy weaver's attack. The entropy weaver hits you!
You die...

#.#........P..## #.##.........##
####.####.....####
#...........##.#.##
#.............###.. #
##############.#.## ...##### #
##.## .......##.# ### #.@B#
#.##.# .# ##.# .[ ## #####.###..#
## .# #......)..## .# #.###.###.#
####### .# #.# #.###.# ##.....##
## .# #.# #.....####.......## ##.
.#####.###.................####..


You could see an entropy weaver shaped shifter.

Vanquished Creatures
  A fire dragon (D:9)
  Amaemon (D:8)
  An orc knight (Bailey)
  Pikel (D:5)
  An elephant (D:9)
  An orange demon (D:8)
  Maggie (D:5)
  2 kobold demonologists (Bailey)
  2 trolls (D:9)
  A hornet (D:5)
  A wyvern (D:9)
  A basilisk (D:9)
  Eustachio (D:5)
  2 steam dragons
  Menkaure (D:7)
  A water moccasin (D:7)
  7 orc warriors (Bailey)
  2 sky beasts
  A black bear (D:9)
  3 ogres
  2 centaurs (D:8)
  2 kobold brigands (D:8)
  2 lemures
  Blork the orc (D:5)
  4 bullfrogs
  A necrophage (D:6)
  A gnoll sergeant (D:7)
  9 wights
  An electric eel (Bailey)
  4 jellies
  A hound (D:5)
  4 orc priests
  A gnoll bouda (D:5)
  4 iguanas
  8 orc wizards
  10 gnolls
  12 adders
  2 white imps
  An ufetubus (D:7)
  4 dart slugs
  28 orcs
  4 ball pythons
  4 endoplasms
  3 giant cockroaches
  16 goblins
  12 hobgoblins
  2 jackals (D:1)
  4 quokkas
  6 bats
  3 frilled lizards
  15 kobolds
  3 rats
206 creatures vanquished.

Vanquished Creatures (others)
  A fungus (D:9)
1 creature vanquished.

Grand Total: 207 creatures vanquished

Notes
Turn   | Place    | Note
-------+----------+-------------------------------------------
     0 | D:1      | Dittersdorf the Gargoyle Fighter began the quest for the
                  | Orb.
     0 | D:1      | Reached XP level 1. HP: 14/14 MP: 1/1
   437 | D:1      | Found a faded altar of an unknown god.
   527 | D:1      | Reached XP level 2. HP: 15/19 MP: 2/2
  1034 | D:2      | Reached XP level 3. HP: 24/24 MP: 3/3
  1260 | D:2      | Reached XP level 4. HP: 22/29 MP: 4/4
  1907 | D:3      | Paralysed by a hobgoblin for 4 turns
  1939 | D:3      | Noticed an ogre
  1950 | D:3      | Killed an ogre
  1951 | D:3      | Reached XP level 5. HP: 34/34 MP: 5/5
  2397 | D:4      | Reached XP level 6. HP: 39/39 MP: 6/6
  2588 | D:5      | Entered Level 5 of the Dungeon
  2588 | D:5      | Noticed Eustachio
  2595 | D:5      | Killed Eustachio
  2662 | D:5      | Reached skill level 5 in Fighting
  2662 | D:5      | Reached skill level 5 in Armour
  2662 | D:5      | Reached skill level 5 in Shields
  2917 | D:5      | Reached XP level 7. HP: 32/44 MP: 4/7
  3144 | D:5      | Noticed Pikel
  3149 | D:5      | Noticed a hornet
  3159 | D:5      | Killed Pikel
  3160 | D:5      | Reached XP level 8. HP: 15/51 MP: 3/8
  3165 | D:5      | HP: 1/51 [hornet (3)]
  3176 | D:5      | Killed a hornet
  3177 | D:5      | Reached skill level 5 in Maces & Flails
  3706 | D:6      | Noticed Blork the orc
  3706 | D:6      | Noticed Maggie
  3804 | D:5      | Killed Blork the orc
  3851 | D:5      | Killed Maggie
  3852 | D:5      | Reached XP level 9. HP: 11/57 MP: 2/9
  4707 | D:7      | Noticed Menkaure
  4712 | D:7      | Killed Menkaure
  4865 | D:7      | Found a staircase to the Ecumenical Temple.
  4884 | Temple   | Entered the Ecumenical Temple
  5697 | D:7      | Found an ancient bone altar of Kikubaaqudgha.
  6257 | D:8      | Found an iron altar of Okawaru.
  6259 | D:8      | Found a white marble altar of Elyvilon.
  6263 | D:8      | Found a basalt altar of Yredelemnul.
  6263 | D:8      | Found an opulent altar of Gozag.
  6265 | D:8      | Became a worshipper of Warmaster Okawaru
  6272 | D:8      | Found a sacrificial altar of Ru.
  6273 | D:8      | Found a bloodstained altar of Trog.
  6348 | D:8      | Reached XP level 10. HP: 64/64 MP: 10/10
  6575 | D:8      | Noticed Amaemon
  6577 | D:8      | Noticed an orange demon
  6582 | D:8      | Killed Amaemon
  6582 | D:8      | Reached * piety under Okawaru
  6587 | D:8      | Killed an orange demon
  6662 | D:8      | Found Waurgh's Magic Scroll Boutique.
  7204 | D:9      | Found Pyitoc's Armour Shop.
  7210 | D:9      | Bought a +0 tower shield for 67 gold pieces
  7253 | D:9      | Found a staircase to the Lair.
  7253 | D:9      | Noticed an elephant
  7268 | D:9      | Reached ** piety under Okawaru
  7270 | D:9      | Killed an elephant
  7324 | D:9      | Found a hide-covered altar of Uskayaw.
  7369 | D:9      | Found Paxtopi's Assorted Antiques.
  7412 | D:9      | Found a flagged portal.
  7432 | Bailey   | Entered a bailey
  7513 | Bailey   | Noticed an orc knight
  7529 | Bailey   | Killed an orc knight
  7530 | Bailey   | Reached XP level 11. HP: 51/72 MP: 11/11
  7635 | Bailey   | Reached *** piety under Okawaru
  7643 | Bailey   | Acquired the +3 pair of gloves of the Farrier {rElec Regen+
                  | Str-3 Dex+8}
  7827 | Bailey   | Found an iron altar of Okawaru.
  7831 | Bailey   | Noticed a sun demon
  8090 | D:9      | Found a hazy altar of Hepliaklqana.
  8093 | D:9      | Found a radiant altar of Vehumet.
  8100 | D:9      | Found a glowing silver altar of Zin.
  8102 | D:9      | Found a glowing golden altar of the Shining One.
  8103 | D:9      | Found a blossoming altar of Fedhas.
  8109 | D:9      | Found an ornate altar of the Wu Jian Council.
  8110 | D:9      | Found a burning altar of Makhleb.
  8450 | D:9      | Noticed a fire dragon
  8463 | D:9      | a raiju changed into an entropy weaver
  8463 | D:9      | Noticed an entropy weaver (shapeshifter)
  8466 | D:9      | Killed a fire dragon
  8467 | D:9      | Reached skill level 10 in Fighting
  8467 | D:9      | Reached skill level 10 in Armour
  8467 | D:9      | Reached skill level 10 in Shields
  8471 | D:9      | Slain by an entropy weaver (shapeshifter)

Illustrated notes

Levels and vault maps discovered:
D:1:      saegor_arrival_simple_e, layout_basic, basic_ecumenical_altar
D:2:      layout_rooms, st_stairs_4
D:3:      layout_rooms
D:4:      layout_rooms
D:5:      layout_basic, roderic_nine_men_s_morris, uniq_eustachio, uniq_pikel
D:6:      layout_cave_pools, chequers_serial_rivers_large_a, uniq_blork_the_orc,
          uniq_maggie
D:7:      layout_gridville, mainiacjoe_overflow_brackets,
          minmay_temple_entry_statues_fountains, uniq_menkaure
D:8:      cheibrodos_quashed, layout_cave_pods, minitemple, serial_shops,
          nicolae_shop_temple_entry_statues_fountains, uniq_amaemon
D:9:      minmay_cornered_nines, layout_loops_corners, lemuel_round_altar,
          nicolae_overflow_hallway_of_the_gods, david_lair_generic,
          serial_shops, shop, shop, enter_bailey_5
Temple:   nicolae_temple_bog_church

Skill      XL: |  1  2  3  4  5  6  7  8  9 10 11 |
---------------+----------------------------------+-----
Fighting       | 4 5 6 7 8 9 10 | 10.1
Armour         | 4 5 6 7 8 9 10 | 10.1
Shields        | 4 5 6 7 8 9 10 | 10.1
Maces & Flails | 3 4 6 7 8 |  8.9

Action                     |  1- 3 |  4- 6 |  7- 9 | 10-12 || total
---------------------------+-------+-------+-------+-------++-------
  Melee: Flail             |   103 |   157 |    86 |       ||   346
         Morningstar       |       |       |   118 |   175 ||   293
  Throw: Dart              |       |     3 |     9 |     1 ||    13
 Invoke: Heroism           |       |       |       |     1 ||     1
  Evoke: Wand              |       |     2 |       |       ||     2
    Use: Scroll            |       |    13 |     5 |     5 ||    23
         Potion            |       |       |     4 |       ||     4
 Armour: Scale mail        |    66 |     5 |       |       ||    71
         Chain mail        |       |    90 |   124 |   135 ||   349
  Dodge: Dodged            |    52 |    56 |    70 |    54 ||   232
  Block: Buckler           |    34 |    41 |    62 |    17 ||   154
         Tower shield      |       |       |       |   137 ||   137

Table legend: (Time is in decaauts)
 A = Elapsed time spent in this place.
 B = Non-inter-level travel time spent in this place.
 C = Inter-level travel time spent in this place.
 D = Time resting spent in this place.
 E = Time spent auto-exploring this place.
 F = Levels seen in this place.
 G = Mean time per level.
                   A        B        C        D        E       F      G
               +--------+--------+--------+--------+--------+-----+--------+
         Total |   8746 |   8446 |    300 |    743 |   5764 |  11 |  795.1 |
       Dungeon |   7799 |   7499 |    300 |    697 |   5116 |   9 |  866.6 |
        Temple |    268 |    268 |      0 |     46 |    167 |   1 |  268.0 |
        Bailey |    677 |    677 |      0 |      0 |    480 |   1 |  677.0 |
               +--------+--------+--------+--------+--------+-----+--------+

Top non-repeatable levels by time:
     D:5: 1412 daAuts
     D:7: 1131 daAuts
     D:8: 1097 daAuts
     D:1: 1051 daAuts
     D:9: 788 daAuts
  Bailey: 677 daAuts
     D:6: 587 daAuts
     D:4: 586 daAuts
     D:2: 580 daAuts
     D:3: 564 daAuts
  Temple: 268 daAuts
